Get step-by-step instructions on how to execute this build order below. Start the game timer, and the build order will tick by so you can play in parallel with StarCraft on a second screen or mobile device.

Game Time

  0:00

Last Step

  N/A

Next Step

  12  0:00  Drone  

Upcoming Step

  13  0:12  Overlord  

Don't want to look back and forth between 2 screens? Try out our Overwolf App, the Spawning Tool Build Advisor to get an in-game overlay with this build!

Complete Build Order

  12  0:00  Drone  
  13  0:12  Overlord  
  13  0:17  Drone  
  14  0:30  Drone x2  
  14  0:34  Drone  
  17  0:51  Hatchery  
  17  0:54  Drone  
  17  0:56  Drone  
  18  1:07  Extractor  
  17  1:12  Spawning Pool  
  17  1:15  Drone  
  17  1:18  Drone  
  18  1:28  Drone  
  19  1:38  Drone  
  20  1:49  Overlord  
  20  1:52  Evolution Chamber  
  19  1:59  Queen  
  19  2:00  Drone  
  22  2:03  Drone  
  23  2:09  Queen  
  23  2:12  Drone  
  23  2:15  Drone  
  27  2:21  Zergling x2  
  28  2:24  Drone  
  28  2:28  Zerg Ground Armor Level 1  
  29  2:32  Drone  
  29  2:35  Drone  
  31  2:38  Queen  
  31  2:44  Drone  
  34  2:46  Overlord  
  34  2:53  Overlord  
  35  2:58  Drone  
  35  3:06  Spine Crawler  
  35  3:10  Drone x4  
  35  3:11  Drone  
  39  3:16  Metabolic Boost  
  39  3:18  Drone  
  39  3:19  Drone  
  41  3:20  Zergling x2  
  41  3:26  Zergling x2  
  43  3:31  Zergling x6  
  46  3:34  Baneling Nest  
  45  3:45  Overlord  
  41  3:59  Drone x5  
  45  4:03  Overlord  
  45  4:09  Zergling x4  
  47  4:11  Zergling x2  
  47  4:16  Zergling x2  
  48  4:21  Zergling x6  
  48  4:22  Zerg Melee Weapons Level 1  
  51  4:28  Zergling x4  
  51  4:30  Hatchery  
  52  4:34  Overlord  
  52  4:37  Zergling x6  
  55  4:48  Zergling x10  
  60  4:53  Baneling x4  
  60  4:54  Baneling x2  
  60  5:06  Zergling x10  
  61  5:08  Baneling  
  58  5:15  Zergling x10  
  60  5:23  Baneling x2  
  58  5:31  Zergling x4  
  58  5:33  Zergling x2  
  54  5:43  Zergling x6  
  54  5:44  Zergling x8  
  54  5:49  Baneling x3  
  61  5:51  Zergling x2  
  61  5:52  Extractor  
  61  5:54  Extractor, Roach Warren  
  49  6:15  Drone x4  
  49  6:17  Drone x2  
  49  6:18  Drone x3  
  57  6:20  Drone x3, Queen  
  57  6:21  Baneling x3  
  61  6:26  Overlord  
  61  6:29  Zergling x6  
  64  6:33  Drone x2  
  66  6:45  Lair  
  63  6:48  Drone x3  
  63  6:50  Drone  
  63  6:51  Drone x2  
  63  6:52  Drone x5  
  72  7:04  Roach  
  72  7:05  Roach x4  
  82  7:10  Extractor  
  82  7:11  Roach  
  82  7:12  Roach  
  85  7:16  Drone x3  
  85  7:19  Roach  
  85  7:21  Overlord x2  
  90  7:23  Overlord  
  90  7:29  Overlord  
  90  7:32  Zerg Missile Weapons Level 1  
  90  7:33  Unknown  
  90  7:35  Overlord  
  90  7:39  Roach x4  
  90  7:40  Roach x2  
  90  7:41  Roach  
  103  7:48  Roach x2  
  103  7:49  Roach x2  
  103  7:51  Roach  
  113  7:56  Roach x2  
  117  7:59  Zergling x2  
  117  8:00  Zergling x8  
  117  8:02  Extractor  
  117  8:05  Zergling x4  
  123  8:08  Zergling x2  
  123  8:09  Overseer  
  124  8:17  Zergling x12  
  127  8:21  Zergling x4  
  127  8:25  Overlord x4  
  129  8:34  Ravager x2  
  130  8:38  Zergling x2  
  126  8:41  Zergling x2  
  126  8:42  Zergling x4  
  126  8:49  Roach x6  
  126  8:51  Roach x3  
  142  8:59  Roach x2  
  143  9:02  Extractor  
  143  9:03  Ravager x5  
  143  9:04  Zergling x2  
  143  9:08  Zergling x2  
  149  9:13  Zergling x4  
  150  9:20  Roach x2  
  150  9:21  Roach x2  
  158  9:25  Roach  
  158  9:28  Overlord  
  158  9:29  Overseer